 Dungeon Crawl Stone Soup version 0.28.0-45-g0d030f2227 (webtiles) character file.

Game seed: 693714123066191915

9867 zeratav the Thaumaturge (level 11, -1/47 HPs)
             Began as a Spriggan Earth Elementalist on Apr 2, 2022.
             Was a Priest of Vehumet.
             Killed from afar by a manticore (15 damage)
             ... with a volley of spikes
             ... on level 13 of the Dungeon.
             The game lasted 01:17:26 (17157 turns).

zeratav the Thaumaturge (SpEE)                     Turns: 17157, Time: 01:17:30

Health: -1/47      AC:  7    Str:  4    XL:     11   Next: 28%
Magic:  19/28      EV: 23    Int: 20    God:    Vehumet [***...]
Gold:   598        SH:  5    Dex: 17    Spells: 14/35 levels left

rFire   + . .      SeeInvis +   g - +1 hunting sling (freeze)
rCold   + . .      Faith    .   G - orb {mayhem}
rNeg    + . .      Spirit   .   n - +2 robe {rC+ rF+}
rPois   .          Reflect  +   (helmet restricted)
rElec   .          Harm     .   E - +2 cloak
rCorr   .          Rampage  .   (gloves unavailable)
Will    ++...                   (boots unavailable)
Stlth   +++.......              x - amulet "Kymnawoal" {Reflect rN+ SH+5}
HPRegen 0.15/turn               d - ring of wizardry
MPRegen 0.21/turn               z - ring of willpower

@: spiked, very quick
A: very small, no large weapons, unfitting armour, see invisible, speed 3
a: Renounce Religion


You were on level 13 of the Dungeon.
You worshipped Vehumet.
Vehumet was most pleased with you.
You visited 2 branches of the dungeon, and saw 13 of its levels.

You collected 598 gold pieces.

Inventory:

Hand Weapons
 g - a +1 hunting sling of freezing (weapon)
Missiles
 c - 123 stones
 i - a curare-tipped dart
 j - 77 sling bullets (quivered ammo)
 s - 2 throwing nets
Armour
 b - a +2 robe of positive energy
 n - a +2 robe of resistance (worn)
 u - a +0 robe of willpower
 E - a +2 cloak (worn)
 G - an orb of mayhem (worn)
 H - a +0 troll leather armour
Jewellery
 d - a ring of wizardry (left hand)
 x - the amulet "Kymnawoal" (around neck) {Reflect rN+ SH+5}
   (You acquired it on level 11 of the Dungeon)

   [amulet of reflection]

   It reflects blocked missile attacks.
   rN:        It protects you from negative energy.
   SH:        It affects your SH (+5).
 z - a ring of willpower (right hand)
 D - an amulet of reflection
Wands
 r - a wand of flame (18)
 B - a wand of polymorph (5)
 C - a wand of acid (4)
Scrolls
 o - a scroll of fear
 p - 8 scrolls of teleportation
 v - a scroll of blinking
 y - a scroll of identify
 F - a scroll of enchant weapon
Potions
 a - a potion of ambrosia {unknown}
 e - 4 potions of curing
 f - 2 potions of heal wounds {unknown}
 h - 2 potions of brilliance
 k - 3 potions of resistance
 l - 2 potions of invisibility {unknown}
 m - 3 potions of degeneration {unknown}
 q - 2 potions of mutation {unknown}
 t - a potion of haste {unknown}
 w - a potion of lignification {unknown}
 A - 3 potions of flight {unknown}


   Skills:
 - Level 0.2 Short Blades
 * Level 9.1 Dodging
 + Level 5.2 Stealth
 + Level 12.5 Spellcasting
 * Level 5.0 Conjurations
 * Level 4.4 Necromancy
 + Level 1.9 Transmutations
 + Level 9.0 Earth Magic


You had 14 spell levels left.
You knew the following spells:

 Your Spells              Type           Power      Damage    Failure   Level
a - Sandblast             Erth           96%        2d20      1%          1
b - Stone Arrow           Conj/Erth      80%        3d12      1%          3
c - Passwall              Tmut/Erth      28%        N/A       1%          2
d - Searing Ray           Conj           64%        2d6       1%          2
e - Petrify               Tmut/Erth      34%        N/A       2%          4
f - Dispel Undead         Necr           30%        3d14      3%          4
g - Iskenderun's Battles  Conj           32%        2d8       2%          5

Your spell library contained the following spells:

 Spells                   Type           Power      Damage    Failure   Level
 Dazzling Flash           Conj/Hex       44%        N/A       1%          3
 Magic Dart               Conj           100%       1d8       1%          1
 Static Discharge         Conj/Air       22%        N/A       1%          2
 Conjure Flame            Conj/Fire      22%        6-21      1%          3
 Ignite Poison            Fire/Tmut/Pois 15%        N/A       1%          3
 Mephitic Cloud           Conj/Pois/Air  19%        N/A       1%          3
 Fulminant Prism          Conj/Hex       11%        3d9       2%          4
 Sticky Flame             Conj/Fire      22%        2d4       2%          4
 Gell's Gravitas          Tloc           12%        N/A       6%          3
 Lesser Beckoning         Tloc           12%        N/A       6%          3
 Teleport Other           Tloc           12%        N/A       6%          3
 Fireball                 Conj/Fire      11%        3d7       6%          5
 Freezing Cloud           Conj/Ice/Air   9%         6-21      9%          5
 Conjure Ball Lightning   Conj/Air       11%        3x3d6     28%         6
 Orb of Destruction       Conj           16%        9d7       45%         7


Dungeon Overview and Level Annotations

Branches:
Dungeon (11/15)            Temple (1/1) D:6             Orc (0/2) D:11
   Lair: D:8-11

Altars:
Ashenzari
Dithmenos
Fedhas
Gozag
Hepliaklqana
Makhleb
Qazlal
Uskayaw
Vehumet
Xom
Yredelemnul

Shops:
D:5 :   D:8 ?

Annotations:
D:2 1 runed translucent door, Crazy Yiuf


Innate Abilities, Weirdness & Mutations

You are very small and have problems with some larger weapons.
You are too small for most types of armour.
You have supernaturally acute eyesight. (SInv)
You cover ground extremely quickly. (Speed+++)


Message History

Press: ? - help, Shift-Dir - straight line, f/p - slime creature
Aim: a slime creature (moderately wounded, 96% to hit)
The blast of sand hits the slime creature!!
The slime creature is almost dead.
c - 124 stones
Casting: Sandblast (safe; 1% risk of failure)
Confirm with . or Enter, or press ? or * to list all spells.
Aiming: Sandblast (safe; 1% risk of failure)
Press: ? - help, Shift-Dir - straight line, f/p - slime creature
Aim: a slime creature (almost dead, 96% to hit)
The blast of sand hits the slime creature!!
You kill the slime creature!
Vehumet accepts your kill.
You feel your power returning.
The slime creature flies into a frenzy!
c - 123 stones A slime creature comes into view.
A slime creature comes into view.
The slime creature quivers.
Found 21 stones.
A manticore comes into view.
A seven-headed hydra comes into view.
The manticore flicks its tail.
The volley of spikes hits you!
The barbed spikes become lodged in your body.
The barbs in your skin will harm you if you move.
Continue?
Uppercase [Y]es or [N]o only, please.
The barbs in your skin will harm you if you move.
Continue?
The barbed spikes dig painfully into your body as you move.
The barbed spikes dig painfully into your body as you move.
The slime creature misses you.
The barbed spikes dig painfully into your body as you move.
The barbed spikes dig painfully into your body as you move.
The slime creature barely misses you.
The barbed spikes dig painfully into your body as you move.
* * * LOW HITPOINT WARNING * * *
The slime creature hits the manticore!
The manticore flicks its tail.
The volley of spikes hits you!
The barbed spikes become lodged in your body.
You die...

..#. #.. ≈..≈≈≈≈D
J.....#.# #.. .P..≈≈..
...... ..# #.# #.......
......##.# #.# #......
.......#.###.###......
.......#.J.......######
........(............#
#.............J.(..#
####...........@..H...##
#........##########....#
#......................#
#........##......#.....#
#........##......#.....#
#........##.###..#.....#
#........##.# #..#.....#
#####.#####.# #..#.....#
### #.. .....#+###


You could see a slime creature, a manticore and a neutral slime creature (fast,
strong, insane).

Vanquished Creatures
  A two-headed ogre (D:9)
  A skeletal warrior (D:11)
  Maurice (D:9)
  A centaur zombie (D:10)
  An unseen horror (D:7)
  2 kobold demonologists (D:10)
  4 trolls
  2 hornets
  Grinder (D:6)
  A slime creature (D:13)
  Sigmund (D:2)
  A wyvern (D:8)
  A steam dragon (D:4)
  6 yaks (D:11)
  A basilisk (D:9)
  2 water moccasins
  A black bear (D:5)
  9 orc warriors
  2 necrophages
  An ogre (D:5)
  2 centaurs (D:10)
  2 phantoms
  3 kobold brigands
  4 bullfrogs
  2 gnoll sergeants
  A wyvern skeleton (D:7)
  6 wights
  6 electric eels
  4 howler monkeys
  A centaur skeleton (D:5)
  A jelly (D:6)
  11 orc priests
  A bullfrog skeleton (D:6)
  3 hounds
  4 iguanas
  Jessica (D:2)
  15 orc wizards
  3 killer bee zombies
  A howler monkey zombie (D:5)
  7 adders
  11 gnolls
  A shadow imp (D:7)
  An ufetubus (D:5)
  3 adder skeletons
  2 worms
  54 orcs
  6 ball pythons (D:1)
  5 bats
  6 endoplasms
  A giant cockroach (D:1)
  7 goblins
  7 hobgoblins
  17 jackals
  20 kobolds
  3 quokkas
  7 frilled lizards
  6 rats
275 creatures vanquished.

Vanquished Creatures (collateral kills)
  A kobold brigand (D:10)
  A centaur zombie (D:10)
  2 gnolls (D:10)
  An orc (D:10)
5 creatures vanquished.

Vanquished Creatures (others)
  An orc wizard (D:11)
  A hobgoblin (D:4)
  64 plants
66 creatures vanquished.

Grand Total: 346 creatures vanquished

Notes
Turn   | Place    | Note
-------+----------+-------------------------------------------
     0 | D:1      | zeratav the Spriggan Earth Elementalist began the quest for
                  | the Orb.
     0 | D:1      | Reached XP level 1. HP: 9/9 MP: 5/5
    80 | D:1      | Reached XP level 2. HP: 6/13 MP: 2/6
   996 | D:1      | Found a faded altar of an unknown god.
  1027 | D:1      | Reached XP level 3. HP: 15/16 MP: 5/8
  1173 | D:1      | Reached skill level 3 in Spellcasting
  1188 | D:1      | Learned a level 3 spell: Stone Arrow
  1630 | D:2      | Found a runed translucent door.
  1631 | D:2      | Noticed Crazy Yiuf
  1902 | D:2      | Noticed Sigmund
  1974 | D:2      | Noticed Jessica
  1977 | D:2      | Killed Jessica
  1978 | D:2      | Reached XP level 4. HP: 20/21 MP: 6/10
  2009 | D:2      | Killed Sigmund
  2010 | D:2      | Reached skill level 5 in Spellcasting
  2010 | D:2      | Reached XP level 5. HP: 24/24 MP: 4/13
  2619 | D:3      | Found a burning altar of Makhleb.
  2622 | D:3      | Noticed a necrophage
  2664 | D:3      | Killed a necrophage
  2665 | D:3      | Reached XP level 6. HP: 28/28 MP: 1/15
  3349 | D:3      | Found a blossoming altar of Fedhas.
  3726 | D:3      | Found a faded altar of an unknown god.
  3732 | D:3      | Found a stormy altar of Qazlal.
  3981 | D:4      | Noticed a steam dragon
  4382 | D:4      | Killed a steam dragon
  4383 | D:4      | Reached skill level 6 in Spellcasting
  4383 | D:4      | Reached skill level 1 in Conjurations
  4383 | D:4      | Reached XP level 7. HP: 32/32 MP: 3/17
  4416 | D:4      | Reached skill level 5 in Earth Magic
  4589 | D:4      | Learned a level 2 spell: Passwall
  4592 | D:4      | Learned a level 2 spell: Searing Ray
  5163 | D:4      | Upgraded the game from 0.28.0-43-g3370ac3207 to
                  | 0.28.0-45-g0d030f2227
  5411 | D:5      | Entered Level 5 of the Dungeon
  5731 | D:5      | Reached skill level 7 in Spellcasting
  5882 | D:5      | Reached XP level 8. HP: 36/36 MP: 12/20
  6602 | D:5      | Found Iwaus's Book Emporium.
  6970 | D:6      | Noticed Grinder
  6977 | D:6      | Killed Grinder
  6978 | D:6      | Reached skill level 8 in Spellcasting
  7415 | D:6      | Found a staircase to the Ecumenical Temple.
  7450 | Temple   | Entered the Ecumenical Temple
  7522 | Temple   | Became a worshipper of Vehumet
  8257 | D:6      | Reached skill level 5 in Dodging
  9334 | D:7      | Reached skill level 9 in Spellcasting
  9335 | D:7      | Reached XP level 9. HP: 35/39 MP: 15/23
  9346 | D:7      | Reached * piety under Vehumet
  9346 | D:7      | Offered knowledge of Shock by Vehumet.
  9506 | D:7      | Learned a level 4 spell: Petrify
  9511 | D:7      | Learned a level 4 spell: Dispel Undead
  9642 | D:7      | Noticed an unseen horror
  9655 | D:7      | Killed an unseen horror
  9921 | D:7      | Reached skill level 1 in Necromancy
 10092 | D:7      | Found a shadowy altar of Dithmenos.
 10898 | D:8      | Reached skill level 10 in Spellcasting
 11345 | D:8      | Found an opulent altar of Gozag.
 11604 | D:8      | Found a faded altar of an unknown god.
 11604 | D:8      | Found a hazy altar of Hepliaklqana.
 11606 | D:8      | Found a faded altar of an unknown god.
 11759 | D:8      | Found Buikluga's Magic Scroll Shop.
 12277 | D:9      | Reached XP level 10. HP: 44/44 MP: 13/25
 12696 | D:9      | Noticed a two-headed ogre
 12717 | D:9      | Killed a two-headed ogre
 12718 | D:9      | Reached skill level 5 in Stealth
 12738 | D:9      | Noticed Maurice
 12854 | D:9      | Offered knowledge of Poisonous Vapours by Vehumet.
 12855 | D:9      | Reached skill level 11 in Spellcasting
 12910 | D:9      | Killed Maurice
 12916 | D:9      | Reached ** piety under Vehumet
 13392 | D:10     | Entered Level 10 of the Dungeon
 13410 | D:10     | Noticed a sun demon
 13602 | D:10     | Found a basalt altar of Yredelemnul.
 13918 | D:10     | Found a broken altar of Ashenzari.
 14025 | D:10     | Noticed a +0 hand axe
 14025 | D:10     | Noticed a +0 hand axe
 14028 | D:10     | Found a hide-covered altar of Uskayaw.
 14414 | D:10     | Reached skill level 12 in Spellcasting
 15317 | D:11     | Offered knowledge of Dazzling Flash by Vehumet.
 15318 | D:11     | Reached XP level 11. HP: 47/47 MP: 20/28
 16360 | D:11     | Reached *** piety under Vehumet
 16432 | D:11     | Found a staircase to the Orcish Mines.
 16829 | D:11     | Learned a level 5 spell: Iskenderun's Battlesphere
 16830 | D:11     | Identified a scroll of acquirement
 16830 | D:11     | Acquired the amulet "Kymnawoal" {Reflect rN+ SH+5}
 17068 | D:11     | Found a faded altar of an unknown god.
 17080 | D:11     | Noticed a skeletal warrior
 17087 | D:11     | Noticed a skeletal warrior
 17089 | D:11     | Noticed a skeletal warrior
 17089 | D:11     | Noticed a skeletal warrior
 17090 | D:11     | Noticed a skeletal warrior
 17104 | D:11     | Killed a skeletal warrior
 17105 | D:11     | Reached skill level 5 in Conjurations
 17110 | D:11     | You fall into a shaft and drop 2 floors!
 17149 | D:13     | Noticed a seven-headed hydra
 17157 | D:13     | Killed from afar by a manticore

Illustrated notes

Levels and vault maps discovered:
D:1:      minmay_arrival_five_plusses, layout_rooms,
          hellmonk_ecumenical_altar_arch_garden, minmay_shallow_snake_nest
D:2:      layout_loops_ring, uniq_sigmund, uniq_jessica, uniq_crazy_yiuf_cottage
D:3:      layout_loops_ring, nicolae_overflow_ecumenical_swirl, fedhas_altar_1,
          mainiacjoe_overflow_cross_hatched, lexackson_kobold_supper
D:4:      layout_basic
D:5:      layout_loops_ring, serial_shops, nicolae_shop_trees, dk_vineyard_2
D:6:      layout_loops_ring, minmay_temple_entry_butterflies, serial_bayou,
          serial_bayou_pond_e, serial_bayou_pond_e, serial_bayou_pond_d,
          serial_bayou_ford_a, uniq_grinder
D:7:      layout_basic, mainiacjoe_overflow_24_doors,
          kennysheep_opposing_triangles
D:8:      layout_basic, mainiacjoe_overflow_six_doors_small,
          nicolae_hepliaklqana_ecumenical_no_more, serial_shops, shop,
          ebering_dispersal_statue_hall
D:9:      layout_rooms, uniq_maurice
D:10:     layout_loops_corners, mainiacjoe_overflow_paths,
          overflow_temple_1_default, dancing_weapons_uskayaw, serial_rivers,
          chequers_serial_rivers_room_a, chequers_serial_rivers_room_a,
          chequers_serial_rivers_micro_a, chequers_serial_rivers_large_a,
          chequers_serial_rivers_micro_e, grunt_ministairs_8,
          chequers_serial_rivers_room_a, hangedman_decor_growths
D:11:     layout_stronghold, david_lair_shrubbed, erik_orc_2,
          serial_column_ruins, column_ruins_grid_5, column_ruins_temple_circle,
          column_ruins_open_tiny, column_ruins_columns_plus,
          column_ruins_columns_straight, column_ruins_columns_corner,
          column_ruins_corridor_straight, column_ruins_open_tiny_water,
          hangedman_abyss_or_decor_stabs, minmay_misc_feat_encased,
          minmay_shop_grid_forest, kennysheep_generic_room_8, uniq_sonja
D:13:     layout_basic, erik_vaults_2, portal_ice_cave_demonic_guard, pond
Temple:   nicolae_temple_figure_eight

Skill      XL: |  1  2  3  4  5  6  7  8  9 10 11 |
---------------+----------------------------------+-----
Earth Magic    | 3 4 6 7 8 9 |  9.0
Dodging        | 3 4 5 7 8 9 |  9.1
Spellcasting   | 3 5 6 7 9 10 12 | 12.5
Stealth        | 4 5 |  5.2
Conjurations   | 1 3 4 5 |  5.0
Necromancy     | 2 4 |  4.4
Short Blades   | |  0.2
Transmutations | |  1.9

Action                   |  1- 3 |  4- 6 |  7- 9 | 10-12 || total
-------------------------+-------+-------+-------+-------++-------
Melee: Short sword       |    83 |       |       |       ||    83
 Fire: Hunting sling     |    12 |    77 |    21 |       ||   110
 Cast: Sandblast         |    44 |    31 |   101 |    54 ||   230
       Stone Arrow       |     1 |    14 |    95 |   110 ||   220
       Searing Ray       |       |       |    11 |       ||    11
       Dispel Undead     |       |       |     3 |     7 ||    10
       Petrify           |       |       |     2 |     1 ||     3
       Passwall          |       |       |       |     1 ||     1
       Iskenderun's Batt |       |       |       |     1 ||     1
  Use: Scroll            |       |       |    12 |     2 ||    14
 Stab: Sleeping          |     1 |       |       |       ||     1
Armor: Robe              |    16 |     5 |     7 |     4 ||    32
Dodge: Dodged            |   105 |    16 |    60 |    38 ||   219
